 Dungeon Crawl Stone Soup version 0.29.0-4-gdea44cf6ec (webtiles) character file.

Game seed: 17444101757212525802

31 qw the Chopper (level 3, -6/21 HPs)
             Began as a Tengu Warper on Aug 28, 2022.
             Mangled by an iguana (7 damage)
             ... on level 2 of the Dungeon.
             The game lasted 00:00:06 (1173 turns).

qw the Chopper (Tengu Warper)                       Turns: 1173, Time: 00:00:06

Health: -6/21      AC:  4    Str: 13    XL:     3   Next: 22%
Magic:  7/7        EV: 12    Int: 13    God:
Gold:   102        SH:  0    Dex: 13    Spells: 6/6 levels left

rFire   . . .      SeeInvis .   Y - +0 hand axe
rCold   . . .      Faith    .   (no shield)
rNeg    . . .      Spirit   .   b - +0 leather armour
rPois   .          Reflect  .   (helmet restricted)
rElec   .          Harm     .   (no cloak)
rCorr   .          Rampage  .   e - +0 pair of gloves
Will    .....                   (boots unavailable)
Stlth   +.........              (no amulet)
HPRegen 0.07/turn               (no ring)
MPRegen 0.10/turn               (no ring)

@: no status effects
A: beak, talons 3
a: no special abilities


You were on level 2 of the Dungeon.
You visited 1 branch of the dungeon, and saw 2 of its levels.

You collected 102 gold pieces.


Innate Abilities, Weirdness & Mutations

You have a beak for a mouth.
You have claws for feet.


   Skills:
 - Level 2.0 Fighting
 + Level 4.0 Axes
 - Level 1.0 Throwing
 - Level 1.1 Armour
 - Level 2.1 Dodging
 - Level 2.0 Spellcasting
 - Level 2.4 Translocations


You had 6 spell levels left.
You didn't know any spells.
Your spell library contained the following spells:

 Spells                   Type           Power      Damage    Failure   Level
 Blink                    Tloc           14%        N/A       19%         2
 Gell's Gravitas          Tloc           7%         N/A       36%         3
 Lesser Beckoning         Tloc           7%         N/A       36%         3
 Teleport Other           Tloc           7%         N/A       36%         3
 Manifold Assault         Tloc           7%         N/A       98%         5

Inventory:

Hand Weapons
 j - a +0 whip
 Y - a +0 hand axe (weapon)
Armour
 b - a +0 leather armour (worn)
 e - a +0 pair of gloves (worn)
Scrolls
 c - a scroll of butterflies {unknown}
 d - a scroll of vulnerability {unknown}
Potions
 a - a potion of lignification {unknown}
 f - a potion of haste {unknown}
 g - a potion of degeneration {unknown}
 h - a potion of curing {unknown}
 k - a potion of mutation {unknown}

Dungeon Overview and Level Annotations

Branches:
Dungeon (2/15)

Altars:


Message History

A kobold comes into view. It is wielding a +0 short sword.
The kobold shouts!
An iguana comes into view.
1146 ||| Stepping ~*~*~tactically~*~*~ (stealth).
The kobold throws a stone.
The stone hits you.
There is an open door here.
The kobold throws a stone.
The stone hits you but does no damage.
The kobold throws a stone.
The stone hits you but does no damage.
The kobold throws a stone.
The stone hits you but does no damage.
The kobold throws a stone.
The stone hits you but does no damage.
The kobold throws a stone.
The stone hits you but does no damage.
You closely miss the kobold. The kobold misses you.
You hit the kobold. Your kick misses the kobold. Your peck misses the kobold.
The kobold is moderately wounded.
The kobold closely misses you.
You hit the kobold.
You kill the kobold!
Your Axes skill increases to level 4!
You now have 102 gold pieces (gained 11).
Things that are here:
a +0 short sword; 3 stones; a kobold corpse You hit the iguana but do no damage.
The iguana barely misses you.
You hit the iguana.
The iguana is moderately wounded.
The iguana bites you!
You hit the iguana. You peck the iguana.
The iguana is heavily wounded.
The iguana barely misses you.
You barely miss the iguana. You claw the iguana.
The iguana is heavily wounded.
The iguana bites you.
You hit the iguana. You claw the iguana, but do no damage.
The iguana is heavily wounded.
The iguana bites you.
You hit the iguana but do no damage.
The iguana is heavily wounded.
The iguana bites you. The iguana bites you!
You die...

........## ..........
.........# ##
.........# ..#
.....!.#...# ..#
.....#...# .
...######## #.l....# .
...+....%.# #.@..# .
...######.# #)...### .
#.#####.#.###......+ .
#.#.........'......#
.##.#.###.#.###......#
....#.....#.#........#
..#.....#.#...#####+##
..#.#...#.#..#
..#.#...>.....


You could see an iguana.

Vanquished Creatures
  5 endoplasms (D:1)
  A giant cockroach (D:1)
  2 goblins
  3 hobgoblins (D:1)
  2 jackals (D:1)
  3 kobolds
  3 quokkas
  2 bats
  2 frilled lizards
  3 rats (D:1)
26 creatures vanquished.

Vanquished Creatures (others)
  2 fungi (D:2)
2 creatures vanquished.

Grand Total: 28 creatures vanquished

Notes
Turn   | Place    | Note
-------+----------+-------------------------------------------
     0 | D:1      | qw the Tengu Warper began the quest for the Orb.
     0 | D:1      | Reached XP level 1. HP: 12/12 MP: 4/4
     0 | D:1      | 0 ||| qw: Version: 0.1-a-89-g26bdef1
     0 | D:1      | 0 ||| qw: Game counter: 94
     0 | D:1      | 0 ||| qw: Always use a shield: true
     0 | D:1      | 0 ||| qw: God list: Okawaru
     0 | D:1      | 0 ||| qw: Allow faded altars: false
     0 | D:1      | 0 ||| qw: Do Orc after D:15 true
     0 | D:1      | 0 ||| qw: Do second Lair branch before Depths: true
     0 | D:1      | 0 ||| qw: Lair rune preference: random
     0 | D:1      | 0 ||| qw: Plans: Normal
     0 | D:1      | 0 ||| PLANNING D:1-11
   154 | D:1      | 154 ||| Stepping ~*~*~tactically~*~*~ (stealth).
   156 | D:1      | 156 ||| Stepping ~*~*~tactically~*~*~ (stealth).
   158 | D:1      | Reached XP level 2. HP: 17/17 MP: 6/6
   165 | D:1      | 165 ||| Stepping ~*~*~tactically~*~*~ (stealth).
   174 | D:1      | 174 ||| Stepping ~*~*~tactically~*~*~ (stealth).
   175 | D:1      | 175 ||| Stepping ~*~*~tactically~*~*~ (stealth).
   178 | D:1      | Reached skill level 3 in Axes
   181 | D:1      | 181 ||| Stepping ~*~*~tactically~*~*~ (stealth).
   182 | D:1      | 182 ||| Stepping ~*~*~tactically~*~*~ (stealth).
   806 | D:1      | Found a faded altar of an unknown god.
   950 | D:1      | Reached XP level 3. HP: 21/21 MP: 7/7
  1017 | D:1      | 1017 ||| UPGRADING to +0 pair of gloves.
  1022 | D:1      | 1022 ||| DROPPING scarf of shadows.
  1023 | D:1      | 1023 ||| READING scroll labelled TUNYMP DOPNIRCH.
  1028 | D:1      | 1028 ||| DROPPING scroll of blinking.
  1146 | D:2      | 1146 ||| Stepping ~*~*~tactically~*~*~ (stealth).
  1160 | D:2      | Reached skill level 4 in Axes
  1172 | D:2      | HP: 3/21 [iguana (4)]
  1173 | D:2      | HP: 1/21 [iguana (2)]
  1173 | D:2      | Mangled by an iguana

Levels and vault maps discovered:
D:1:      amcnicky_arrival_flooded_fountain, layout_loops_ring,
          hellmonk_ecumenical_altar_heavens_door, nrook_loot_triangle
D:2:      layout_basic, minmay_tetromino_i4, uniq_crazy_yiuf_cottage

Skill      XL: |  1  2  3 |
---------------+----------+-----
Axes           | 3 4 |  4.0
Fighting       | |  2.0
Throwing       | |  1.0
Armour         | |  1.1
Dodging        | |  2.1
Spellcasting   | |  2.0
Translocations | |  2.4

Action                   || total
-------------------------++-------
Melee: Hand axe          ||    57
       Peck              ||     8
       Kick              ||    13
Throw: Boomerang         ||     7
  Use: Scroll            ||     1
Armor: Leather armour    ||     8
Dodge: Dodged            ||    26

Table legend:
 A = Non-vault XP
 B = Vault XP
 C = Vault XP percentage of total XP
 D = Non-vault monster count
 E = Vault monster count
 F = Vault count percentage of total count
                 A         B        C        D         E       F
            +---------+---------+-------+---------+---------+-------
      Total |      45 |       0 |   0.0 |      26 |       0 |   0.0
            +---------+---------+-------+---------+---------+-------
        D:1 |      36 |       0 |   0.0 |      21 |       0 |   0.0
        D:2 |       9 |       0 |   0.0 |       5 |       0 |   0.0
            +---------+---------+-------+---------+---------+-------
